 Dungeon Sprint DCSS version 0.29.1-2-gbd0b4ee654 (webtiles) character file.

Game seed: 6479065702480597064

294 Zeld the Cleaver (level 6, -2/73 (91) HPs)
             Began as a Minotaur Berserker on Oct 27, 2022.
             Was a Follower of Trog.
             Slain by a necrophage (5 damage)
             ... in the Dungeon (Sprint II: "The Violet Keep of Menkaure").
             The game lasted 00:00:15 (66 turns).

Zeld the Cleaver (Minotaur Berserker)                 Turns: 66, Time: 00:00:16

HP:   -2/73 (91)    AC:  2    Str: 23    XL:     6   Next: 11%
MP:   5/5           EV: 14    Int:  4    God:    Trog [*.....]
Gold: 243           SH:  0    Dex: 10    Spells: 5/5 levels left

rFire   . . .      SeeInvis .   a - +0 hand axe
rCold   . . .      Faith    .   (no shield)
rNeg    . . .      Spirit   .   b - +0 animal skin
rPois   .          Reflect  .   (helmet restricted)
rElec   .          Harm     .   (no cloak)
rCorr   .          Rampage  .   (no gloves)
Will    .....      NoTele   +   (no boots)
Stlth   ..........              (no amulet)
HPRegen 0.22/turn               (no ring)
MPRegen 0.09/turn               (no ring)

@: berserking, heavily drained, very quick
A: horns 2, retaliatory headbutt
a: Renounce Religion, Berserk


You were in the Dungeon.
You worshipped Trog.
Trog was aware of your devotion.
You visited 1 branch You collected 243 gold pieces.

Inventory:

Hand Weapons
 a - a +0 hand axe (weapon)
Armour
 b - a +0 animal skin (worn)
Scrolls
 h - a scroll of blinking
Potions
 c - a potion of curing
 d - a potion of heal wounds
 e - a potion of haste
 f - 2 potions of magic
 g - a potion of berserk rage


   Skills:
 + Level 7.8 Fighting
 * Level 10.3 Axes
 + Level 7.2 Armour
 + Level 6.6 Dodging


You had 5 spell levels left.
You didn't know any spells.
Your spell library was empty.

Dungeon Overview and Level Annotations

Branches:
Dungeon (1/1)

Altars:


Innate Abilities, Weirdness & Mutations

You have a pair of horns on your head.
You reflexively headbutt those who attack you in melee.


Message History

The necrophage barely misses you. The necrophage closely misses you. x2
You closely miss the necrophage. Your headbutt misses the necrophage.
The necrophage is moderately damaged.
You closely miss the necrophage. You hit the necrophage.
The necrophage hits you. x3; You feel drained.
Unknown command.
You hit the necrophage.
The necrophage is moderately damaged.
You hit the necrophage. You closely miss the necrophage.
The necrophage completely misses you. The necrophage hits you!
The necrophage barely misses you.
You slash the necrophage!
The necrophage is severely damaged.
You hit the necrophage but do no damage.
You hit the necrophage.
Unknown command.
You barely miss the necrophage.
The necrophage is severely damaged.
You hit the necrophage. x2; The necrophage hits you. x2; You feel drained.
The necrophage closely misses you. You furiously retaliate!
You headbutt the necrophage! You closely miss the necrophage.
The necrophage is severely damaged.
You hit the necrophage. x2; The necrophage hits you.
* * * LOW HITPOINT WARNING * * *
You feel drained.
* * * LOW HITPOINT WARNING * * *
The necrophage hits you.
* * * LOW HITPOINT WARNING * * *
You feel drained. The necrophage hits you.
* * * LOW HITPOINT WARNING * * *
You feel drained.
* * * LOW HITPOINT WARNING * * *
A red film seems to cover your vision as you go berserk!
You feel yourself moving faster!
You feel mighty! The necrophage hits you.
* * * LOW HITPOINT WARNING * * *
You feel drained.
* * * LOW HITPOINT WARNING * * *
The necrophage hits you.
You die...

##+#
##.#.##
#.###.#
####.#.##
##.###†##
#.nn##.##
#n@.<.+
#..n##.##
##.# #+#
##


You could see 4 necrophages.

Vanquished Creatures
  2 wyverns (D)
2 creatures vanquished.

Notes
Turn   | Place    | Note
-------+----------+-------------------------------------------
     0 | D        | Zeld the Minotaur Berserker began the quest for the Orb.
     0 | D        | Reached XP level 1. HP: 19/19 MP: 0/0
     1 | D        | Noticed a wyvern
     1 | D        | Noticed a wyvern
     4 | D        | Killed a wyvern
     5 | D        | Reached skill level 8 in Axes
     5 | D        | Reached skill level 5 in Armour
     5 | D        | Reached skill level 5 in Dodging
     5 | D        | Reached XP level 2. HP: 31/31 MP: 1/1
     5 | D        | Reached XP level 3. HP: 38/38 MP: 2/2
     5 | D        | Reached XP level 4. HP: 45/45 MP: 3/3
     5 | D        | Reached XP level 5. HP: 51/51 MP: 4/4
     7 | D        | Killed a wyvern
     8 | D        | Reached skill level 10 in Axes
     8 | D        | Reached XP level 6. HP: 61/61 MP: 5/5
    66 | D        | HP: 3/73 [necrophage (1)]
    66 | D        | Slain by a necrophage

Illustrated notes

Levels and vault maps discovered:
D:        the_violet_keep_of_menkaure [sprint2_stairs_cluster_1,
          sprint2_shoproom, sprint2_temple, sprint2_basic_supplies,
          sprint2_obstacle_2, sprint2_obstacle_4, sprint2_obstacle_1,
          sprint2_obstacle_6, sprint2_obstacle_5, sprint2_timed_cluster_1,
          sprint2_smallroom_cluster_1, sprint2_smallroom_final_cluster_1,
          sprint2_transparent_cluster_1, sprint2_second_timed_cluster_1,
          sprint2_sniper_area_1, sprint2_heavy_combat_area_1,
          sprint2_mutation_trap_area_1, sprint2_forest_area_1,
          sprint2_light_combat_area_1, sprint2_behind_water_1,
          sprint2_near_end_vault_1]

Skill      XL: |  1  2  3  4  5 |
---------------+----------------+-----
Fighting       | 6 7 |  7.8
Axes           | 8 10 | 10.3
Armour         | 5 7 |  7.2
Dodging        | 5 6 |  6.6

Action                   |  1- 3 |  4- 6 || total
-------------------------+-------+-------++-------
Melee: Hand axe          |     2 |     9 ||    11
       Headbutt          |     1 |     1 ||     2
Invok: Berserk           |     1 |     1 ||     2
Armor: Animal skin       |       |     2 ||     2
Dodge: Dodged            |     1 |     8 ||     9
